AoeStats
← 白鹿城拉车车

Oasis

508864965Analyzed
4v4 RM · 7d ago on Sep 24, 2026· 51m 50s· 8 players
Game mode
Random Map
Map size
Large (8 player)
Population
200
Speed
Normal
Resources
Standard
Victory
Conquest
Starting age
Dark Age
Ending age
Imperial Age
RankedLock teamsTeams togetherTeam positionsShared explorationLock speedFull tech treeHidden civsTurbo modeCheats
Victory
Defeat
🇮🇳 Magyars · India
1360
+14
🇨🇳 Varangians · China
1341
+14
🇨🇳 Danes · China
1324
+15
🇮🇳 Ethiopians · India
1323
+15
🇮🇳 Mongols · India
1338
-16
🇺🇸 Koreans · United States
1304
-14
🇨🇳 Persians · China
1294
-14
🇨🇳 Huns · China
1294
-14
वीर
10:11 Feudal Age
9:59 Loom
11:03 Double-Bit Axe
10:59 Horse Collar
11:39 Loom
12:36 Loom
13:27 Wheelbarrow
13:35 Bloodlines
19:08 Forging
20:08 Scale Barding Armor
24:01 Castle Age
25:11 Husbandry
26:29 Iron Casting
26:15 Chain Barding Armor
28:23 Bow Saw
28:14 Heavy Plow
36:38 Imperial Age
35:13 Fletching
35:25 Padded Archer Armor
36:14 Hand Cart
35:45 Town Watch
37:40 Conscription
37:08 Onager
38:28 Bodkin Arrow
38:49 Leather Archer Armor
39:37 Drill
39:40 Light Cavalry
41:15 Leather Archer Armor
41:14 Bracer
45:15 Heavy Camel Rider
2265138721
8:38 Feudal Age
8:07 Loom
9:27 Double-Bit Axe
16:16 Horse Collar
17:34 Gold Mining
20:44 Castle Age
18:53 Scale Barding Armor
18:59 Forging
19:27 Bloodlines
21:29 Bow Saw
21:26 Heavy Plow
21:55 Husbandry
24:24 Chain Barding Armor
26:20 Wheelbarrow
27:56 Iron Casting
29:17 Hand Cart
34:28 Imperial Age
33:28 Gold Shaft Mining
34:23 Cavalier
36:01 Plate Barding Armor
38:42 Savar
44:21 Blast Furnace
51:01 Two-Man Saw
mipolin
10:21 Feudal Age
11:09 Double-Bit Axe
11:29 Horse Collar
14:56 Bloodlines
19:39 Castle Age
22:35 Bow Saw
22:57 Heavy Plow
22:58 Fletching
23:15 Gold Mining
28:37 Padded Archer Armor
28:32 Bodkin Arrow
29:44 Ballistics
33:22 Imperial Age
32:26 Leather Archer Armor
33:25 Gold Shaft Mining
34:26 Stone Mining
35:15 Parthian Tactics
35:02 Heavy Cavalry Archer
36:00 Bracer
37:55 Atheism
38:18 Conscription
39:21 Chemistry
38:32 Masonry
39:16 Guilds
40:07 Two-Man Saw
43:48 Capped Ram
47:19 Siege Ram
Monk Enthusiast
1:34 Loom
12:07 Feudal Age
13:31 Double-Bit Axe
13:28 Horse Collar
21:10 Wheelbarrow
20:37 Arson
25:28 Castle Age
25:06 Gold Mining
25:08 Stone Mining
25:39 Elite Skirmisher
26:23 Squires
25:43 Pikeman
26:41 Bow Saw
28:20 Fletching
29:57 Bodkin Arrow
33:12 Scale Mail Armor
33:23 Forging
39:20 Imperial Age
37:52 Forging
40:26 Conscription
41:23 Hand Cart
42:02 Ballistics
42:43 Chemistry
42:25 Town Watch
44:00 Eupseong
46:17 Thumb Ring
Deathpulse
7:44 Loom
10:37 Feudal Age
11:20 Double-Bit Axe
15:03 Fletching
20:00 Horse Collar
25:24 Castle Age
24:15 Padded Archer Armor
24:54 Gold Mining
25:47 Crossbowman
26:24 Bodkin Arrow
27:34 Bow Saw
27:54 Leather Archer Armor
29:39 Wheelbarrow
31:54 Ballistics
32:22 Thumb Ring
33:28 Bow Saw
36:32 Imperial Age
34:11 Heavy Plow
34:57 Gold Shaft Mining
37:00 Arbalester
37:41 Bracer
38:54 Chemistry
38:47 Hand Cart
38:18 Town Watch
41:22 Town Patrol
43:28 Ring Archer Armor
45:01 Elite Skirmisher
46:27 Siege Engineers
46:33 Careening
微操大师蒋中正
9:14 Feudal Age
10:47 Loom
17:43 Double-Bit Axe
21:40 Horse Collar
26:43 Castle Age
26:50 Pikeman
28:30 Scale Mail Armor
35:38 Chain Mail Armor
35:26 Squires
37:01 Bow Saw
38:02 Town Watch
39:51 Wheelbarrow
40:07 Arson
40:13 Gambesons
40:49 Fletching
41:10 Forging
41:06 Gold Mining
41:46 Bodkin Arrow
42:26 Hand Cart
44:00 Gold Shaft Mining
43:15 Stone Mining
46:28 Imperial Age
44:43 Iron Casting
46:47 Halberdier
47:09 Capped Ram
48:19 Conscription
48:35 Hoardings
47:36 Elite Varangian Guard
48:20 Halberdier
49:41 Plate Mail Armor
50:11 Blast Furnace
49:45 Bracer
49:46 Padded Archer Armor
49:54 Hamask
50:41 Elite Skirmisher
白鹿城拉车车
10:19 Feudal Age
14:37 Castle Age
12:37 Horse Collar
15:33 Double-Bit Axe
17:20 Wheelbarrow
22:30 Wheelbarrow
23:06 Heavy Plow
23:30 Bow Saw
23:46 Gold Mining
25:02 Scale Barding Armor
24:58 Stone Mining
25:21 Forging
25:32 Loom
25:49 Fletching
26:40 Husbandry
28:19 Hand Cart
29:36 Bloodlines
29:52 Husbandry
31:43 Chain Barding Armor
31:47 Bodkin Arrow
32:49 Iron Casting
33:02 Town Watch
34:16 Vendel Legacy
36:13 Stone Shaft Mining
39:19 Imperial Age
40:24 Conscription
39:25 Elite Jarl
39:27 Gothikon
39:48 Cavalier
41:34 Blast Furnace
40:48 Herbal Medicine
41:31 Coinage
41:58 Bracer
42:41 Plate Barding Armor
42:58 Banking
43:30 Two-Man Saw
43:03 Crop Rotation
44:30 Guilds
47:05 Ballistics
47:51 Chemistry
47:13 Siege Engineers
48:11 Light Cavalry
49:28 Guard Tower
50:27 Hussar
Mozenrath
2:18 Loom
10:14 Feudal Age
13:31 Horse Collar
21:08 Double-Bit Axe
24:28 Castle Age
23:06 Bloodlines
23:12 Scale Barding Armor
23:58 Gold Mining
25:53 Bow Saw
25:45 Heavy Plow
26:49 Wheelbarrow
26:24 Husbandry
28:33 Chain Barding Armor
33:22 Hand Cart
37:54 Imperial Age
38:01 Stone Mining
38:15 Town Watch
37:57 Cavalier
39:21 Plate Barding Armor
38:37 Fletching
40:01 Paladin
41:59 Light Cavalry
45:39 Hussar
48:06 Conscription
Connection lost

Rejoining the realm…

Still unreachable

The connection could not be restored.

Session expired

The server has moved on; the page needs a fresh start.